 Dungeon Crawl Stone Soup version 0.25.1-2-g60ff931df9 (webtiles) character file.

Game seed: 18414694787748701026

1123 demenzo the Poker (level 8, -4/54 HPs)
             Began as an Octopode Fighter on Oct 20, 2020.
             Was a Believer of Makhleb.
             Slain by a centaur (6 damage)
             ... on level 5 of the Dungeon on Oct 21, 2020.
             The game lasted 00:09:36 (7241 turns).

demenzo the Poker (Octopode Fighter)                Turns: 7241, Time: 00:09:37

Health: -4/54      AC:  1    Str: 14    XL:     8   Next: 35%
Magic:  9/9        EV: 12    Int: 14    God:    Makhleb [**....]
Gold:   316        SH: 10    Dex: 11    Spells: 7/7 levels left

rFire    . . .     SeeInvis .   a - +1 trident
rCold    . . .     Gourm    .   b - +1 kite shield
rNeg     . . .     Faith    .   (helmet restricted)
rPois    .         Spirit   .   (no amulet)
rElec    .         Reflect  .   (no ring)
rCorr    .         Harm     .   (no ring)
MR       .....                  (no ring)
Stlth    ++++......             (no ring)
HPRegen  0.18/turn              (no ring)
MPRegen  0.11/turn              (no ring)
                                (no ring)
                                (no ring)

@: no status effects
A: almost no armour, stealthy swim, amphibious, 8 rings, constrict 8, camouflage
1, clever 1, low mp 1, weak 1, wild magic 1, gelatinous body 1
a: Minor Destruction, Renounce Religion


You were on level 5 of the Dungeon.
You worshipped Makhleb.
Makhleb was pleased with you.
You were not hungry.

You visited 1 branch of the dungeon, and saw 6 of its levels.

You collected 316 gold pieces.

Inventory:

Hand Weapons
 a - a +1 trident (weapon)
Missiles
 g - 144 stones (quivered)
 h - 48 sling bullets
 B - a silver boomerang
Armour
 b - a +1 kite shield (worn)
Wands
 D - a wand of random effects (22)
Scrolls
 q - a scroll of fog
 A - a scroll of remove curse
Potions
 c - 3 potions of might
 e - a potion of mutation
 i - a potion of cancellation
 j - 2 potions of curing
 l - 2 potions of lignification
 n - 2 potions of ambrosia
 o - 2 potions of magic
 p - a potion of flight
 r - a potion of invisibility
 t - a potion of heal wounds {unknown}
 u - 2 potions of stabbing
 z - a potion of resistance {unknown}
Comestibles
 d - 7 rations
 f - 2 chunks of flesh


   Skills:
 + Level 4.9 Fighting
 * Level 6.0 Polearms
 - Level 3.0 Dodging
 + Level 5.4 Stealth
 + Level 4.9 Shields
 + Level 3.4 Invocations


You had 7 spell levels left.
You didn't know any spells.
Your spell library was empty.

Dungeon Overview and Level Annotations

Branches:
Dungeon (6/15)
 Temple: D:4-7

Altars:
Fedhas
Makhleb

Annotations:
D:3 Grinder
D:5 Prince Ribbit


Innate Abilities, Weirdness & Mutations

You cannot wear most types of armour.
You are very stealthy in the water. (Stealth+)
You are amphibious.
You can wear up to eight rings at the same time.
You can use your tentacles to constrict eight enemies at once.
Your skin changes colour to match your surroundings (Stealth+).
Your rubbery body absorbs attacks. (AC +1, EV +1)
Your mind is acute. (Int +2)
Your magical capacity is low. (-10% MP)
You are weak. (Str -2)
Your spells are a little harder to cast, but a little more powerful.


Message History

You see here a hound skeleton.
You start resting.
Eating one of 3 chunks of flesh.
You eat one of the 3 chunks of flesh.
This raw flesh tastes terrible.
HP restored.
There is a stone staircase leading down here.
You climb downwards.
Level annotation: Prince Ribbit You block Prince Ribbit's attack.
The howler monkey hoots and howls with incredible vigour!
Prince Ribbit hits you! The centaur hits you! Prince Ribbit closely misses you.
There is a stone staircase leading up, spattered with blood here.
You block the centaur's attack.
The howler monkey hoots and howls with incredible vigour!
Prince Ribbit hits you!
You climb upwards.
There is a stone staircase leading down here.
You block the centaur's attack. Prince Ribbit hits you!!
* * * LOW HITPOINT WARNING * * *
The centaur hits you.
You die...

#......##################
#.......................#
#......###############.##
###......###############.#
#..÷.....................#
#÷#####.##################
#.# ##.############# #.#
#.......F>c....# #.#
#########@####.# #.#######
#.# #.## # ##.......# #.#
#..# # #....###.# #.#
##.######## # #.##)# #.#
#)#####.#......###
#..#.###.#
####..............'..
###.#.....#
#.....#####.......##.
#...#########....[<#
#.########.
#.###.......#......# #..#
#.


You could see Prince Ribbit and a centaur.

Vanquished Creatures
  A phantom (D:5)
  4 centaurs
  A scorpion (D:4)
  2 howler monkeys (D:4)
  4 crimson imps
  An orc wizard (D:3)
  2 hounds
  2 iguanas (D:5)
  2 worker ants (D:5)
  A hound zombie (D:5)
  12 adders
  A shadow imp (D:6)
  An adder zombie (D:6)
  2 oozes (D:2)
  An adder skeleton (D:4)
  3 worms
  2 dart slugs
  5 leopard geckos
  21 orcs
  4 giant cockroaches
  9 goblins
  8 hobgoblins
  4 jackals (D:4)
  3 quokkas
  7 bats
  7 frilled lizards
  8 kobolds
  2 leopard gecko zombies (D:5)
  2 rats
122 creatures vanquished.

Notes
Turn   | Place    | Note
-------+----------+-------------------------------------------
     0 | D:1      | demenzo the Octopode Fighter began the quest for the Orb.
     0 | D:1      | Reached XP level 1. HP: 16/16 MP: 1/1
    61 | D:1      | Reached XP level 2. HP: 13/21 MP: 2/2
   206 | D:1      | Reached skill level 1 in Stealth
   630 | D:1      | Reached XP level 3. HP: 26/26 MP: 3/3
   963 | D:2      | Gained mutation: Your spells are a little harder to cast,
                  | but a little more powerful. [potion of mutation]
   963 | D:2      | Gained mutation: You are weak. (Str -2) [potion of
                  | mutation]
   963 | D:2      | Gained mutation: Your magical capacity is low. (-10% MP)
                  | [potion of mutation]
   963 | D:2      | Gained mutation: Your mind is acute. (Int +2) [potion of
                  | mutation]
  1166 | D:2      | Reached skill level 3 in Polearms
  1339 | D:2      | Reached XP level 4. HP: 25/31 MP: 3/3
  2263 | D:3      | Found a faded altar of an unknown god.
  2271 | D:3      | Reached XP level 5. HP: 34/36 MP: 4/4
  2356 | D:3      | Became a worshipper of Makhleb the Destroyer
  2356 | D:3      | Reached * piety under Makhleb
  2948 | D:3      | Reached skill level 1 in Invocations
  3235 | D:3      | Noticed Grinder
  3436 | D:4      | Found a blossoming altar of Fedhas.
  3496 | D:4      | Reached skill level 4 in Polearms
  3496 | D:4      | Reached XP level 6. HP: 32/43 MP: 6/6
  3700 | D:4      | Found a blossoming altar of Fedhas.
  3972 | D:5      | Entered Level 5 of the Dungeon
  5070 | D:5      | HP: 2/43 [centaur (2)]
  5071 | D:5      | Reached XP level 7. HP: 2/48 MP: 7/7
  5453 | D:5      | Reached skill level 5 in Polearms
  5723 | D:5      | Reached ** piety under Makhleb
  6294 | D:5      | Reached XP level 8. HP: 51/54 MP: 9/9
  6377 | D:6      | Reached skill level 5 in Stealth
  6378 | D:6      | Noticed Prince Ribbit
  6552 | D:6      | Reached skill level 6 in Polearms
  7241 | D:5      | HP: 2/54 [Prince Ribbit (20)]
  7241 | D:5      | Slain by a centaur

Illustrated notes

Levels and vault maps discovered:
D:1:      roderic_chinese_lattice_arrival, layout_basic
D:2:      layout_loops_corners
D:3:      layout_basic, chequers_ecumenical_altar_simple_redux, uniq_grinder
D:4:      layout_gridville, kennysheep_mini_moat, st_stairs_14,
          fedhas_ov_isle_minmay
D:5:      layout_basic, first_ration
D:6:      layout_loops_cross, gammafunk_temple_overflow_pools,
          uniq_prince_ribbit1

Skill      XL: |  1  2  3  4  5  6  7  8 |
---------------+-------------------------+-----
Stealth        | 1 2 3 4 5 |  5.4
Polearms       | 3 4 5 6 |  6.0
Invocations    | 1 2 3 |  3.4
Shields        | 4 |  4.9
Fighting       | 4 |  4.9
Dodging        | |  3.0

Action                   |  1- 3 |  4- 6 |  7- 9 || total
-------------------------+-------+-------+-------++-------
Melee: Trident           |    73 |   180 |   131 ||   384
       Constrict         |    12 |    35 |    20 ||    67
       Tentacles         |     5 |    26 |    16 ||    47
Invok: Minor Destruction |       |       |     2 ||     2
  Use: Potion            |     3 |       |       ||     3
       Scroll            |       |     7 |     9 ||    16
 Stab: Sleeping          |     4 |    13 |     9 ||    26
  Eat: Chunk             |     1 |    12 |     7 ||    20
Armor: Skin              |     5 |     5 |     7 ||    17
Dodge: Dodged            |    26 |    62 |    39 ||   127
Block: Kite shield       |    26 |    56 |    50 ||   132
